 Dungeon Crawl Stone Soup version 0.31-a0-845-g9abc20d24f (webtiles) character file.

Game seed: 13020021953056717203

424 randomguy2701 the Shield-Bearer (level 6, -1/44 HPs)
             Began as a Gnoll Wanderer on Oct 1, 2023.
             Slain by Menkaure (19 damage)
             ... on level 4 of the Dungeon.
             The game lasted 00:05:04 (4561 turns).

randomguy2701 the Shield-Bearer (Gnoll Wanderer)    Turns: 4561, Time: 00:05:05

Health: -1/44      AC:  5    Str:  8    XL:     6   Next: 96%
Magic:  3/11       EV: 12    Int: 19    God:
Gold:   189        SH:  6    Dex: 15    Spells: 11/12 levels left

rFire   . . .        a - +0 short sword
rCold   . . .        b - +0 buckler
rNeg    . . .        d - +0 robe
rPois   +            g - +2 helmet
rElec   .            (no cloak)
rCorr   .            (no gloves)
SInv    .            (no boots)
Will    .....        (no amulet)
Stlth   ++           o - +6 ring of intelligence
HPRegen 0.27/turn    s - ring of poison resistance
MPRegen 0.12/turn

%: no passive effects
@: no status effects
A: fangs 1, strong nose, distributed training
a: no special abilities


You were on level 4 of the Dungeon.
You visited 1 branch of the dungeon, and saw 4 of its levels.

You collected 189 gold pieces.

Inventory:

Hand Weapons
 a - a +0 short sword (weapon)
Armour
 b - a +0 buckler (worn)
 d - a +0 robe (worn)
 g - a +2 helmet (worn)
Jewellery
 o - a +6 ring of intelligence (left hand)
 s - a ring of poison resistance (right hand)
 u - the ring "Moirphy" {rPois rF- rN+ AC+4 Str+4}
   (You found it on level 4 of the Dungeon)

   [ring of protection]

   AC+4:      It affects your AC (+4).
   Str+4:     It affects your strength (+4).
   rF-:       It makes you vulnerable to fire.
   rPois:     It protects you from poison rN+: It protects you from negative
   energy.
 x - a ring of see invisible
Scrolls
 c - 3 scrolls of fog
 h - 2 scrolls of enchant weapon {unknown}
 i - a scroll of amnesia {unknown}
 k - 2 scrolls of fear {unknown}
 n - 3 scrolls of immolation {unknown}
 q - 2 scrolls of identify {unknown}
 v - a scroll of noise {unknown}
Potions
 e - a potion of mutation {unknown}
 f - 3 potions of curing {unknown}
 j - a potion of lignification {unknown}
 l - a potion of berserk rage {unknown}
 m - 2 potions of enlightenment {unknown}
 p - 2 potions of magic {unknown}
 r - 2 potions of haste {unknown}
 t - a potion of might {unknown}
 w - a potion of ambrosia {unknown}


   Skills:
 + Level 2.2 Fighting
 + Level 3.4 Short Blades
 + Level 2.2 Long Blades
 + Level 2.2 Axes
 + Level 2.2 Maces & Flails
 + Level 2.2 Polearms
 + Level 2.2 Staves
 + Level 2.2 Ranged Weapons
 + Level 3.4 Throwing
 + Level 2.2 Armour
 + Level 3.4 Dodging
 + Level 2.2 Stealth
 + Level 6.9 Shields
 + Level 2.2 Unarmed Combat
 + Level 3.6 Spellcasting
 + Level 1.8 Conjurations
 + Level 1.8 Hexes
 + Level 1.8 Summonings
 + Level 1.8 Necromancy
 + Level 1.8 Translocations
 + Level 4.2 Transmutations
 + Level 1.8 Fire Magic
 + Level 1.8 Ice Magic
 + Level 1.8 Air Magic
 + Level 1.8 Earth Magic
 + Level 1.8 Poison Magic
 + Level 2.4 Invocations
 + Level 3.4 Evocations
 + Level 2.0 Shapeshifting


You had 11 spell levels left.
You knew the following spells:

 Your Spells              Type           Power      Damage    Failure   Level
a - Sting                 Tmut/Pois      56%        1d5       6%          1

Your spell library contained the following spells:

 Spells                   Type           Power      Damage    Failure   Level
 Foxfire                  Conj/Fire      40%        2x1d6     10%         1
 Lesser Beckoning         Tloc           20%        N/A       14%         2
 Ignite Poison            Fire/Tmut/Pois 13%        N/A       21%         3
 Frozen Ramparts          Ice            20%        1d4       28%         3
 Gell's Gravitas          Tloc           10%        N/A       28%         3
 Teleport Other           Tloc           10%        N/A       28%         3
 Petrify                  Tmut/Erth      14%        N/A       50%         4
 Metabolic Englaciation   Hex/Ice        5%         N/A       95%         5
 Plasma Beam              Fire/Air       5%         2x1d15    100%        6
 Starburst                Conj/Fire      5%         6d4       100%        6


Dungeon Overview and Level Annotations

Branches:
Dungeon (4/15)
 Temple: D:4-7

Altars:
Dithmenos
Okawaru

Shops:
D:1 (

Annotations:
D:4 Menkaure


Innate Abilities, Weirdness & Mutations

You have very sharp teeth.
Your uncanny sense of smell can sniff out nearby items.
Your experience applies equally to all skills.


Message History

The sting hits Menkaure but does no damage.
Menkaure is lightly damaged.
The sting hits Menkaure but does no damage.
Menkaure is lightly damaged.
Menkaure closely misses you.
The sting hits Menkaure but does no damage.
You block Menkaure's attack.
The sting hits Menkaure.
Menkaure is lightly damaged.
Menkaure hits you!
The sting hits Menkaure but does no damage.
Menkaure is lightly damaged.
Menkaure gestures wildly while chanting.
Menkaure seems to speed up.
The sting misses Menkaure.
Menkaure hits you!
The sting hits Menkaure but does no damage.
Menkaure is lightly damaged.
Menkaure hits you.
The sting hits Menkaure but does no damage.
Menkaure is lightly damaged.
Menkaure points at you and mumbles some strange words.
Pain shoots through your body!
You are too injured to fight recklessly!
You are too injured to fight recklessly!
You are too injured to fight recklessly!
You are too injured to fight recklessly!
You are too injured to fight recklessly!
You are too injured to fight recklessly!
You are too injured to fight recklessly!
Unknown command.
You hit Menkaure.
Menkaure is lightly damaged.
You block Menkaure's attack.
You hit Menkaure.
Menkaure is lightly damaged.
Menkaure hits you.
You barely miss Menkaure.
Menkaure is lightly damaged.
Menkaure hits you!!
You die...

#########
########....|..#
#.. ..<#.#####.#
#.####.#.#####.###
#M....[..##.>))..#
#@.......##.##)#.#
#...#....##.##)#.#
#..............#.#
##..###.########.#
#..###.# #.#
#......########..
##.####.......###
#.# #.......# #
#.# #.......###


You could see Menkaure (fast).

Vanquished Creatures
  A black bear (D:4)
  Blork the orc (D:4)
  A hound (D:4)
  An orc priest (D:4)
  An iguana (D:4)
  An orc wizard (D:3)
  2 adders
  3 river rats (D:3)
  An ufetubus (D:4)
  7 worms
  A dart slug (D:1)
  7 orcs (D:4)
  5 ball pythons
  6 bats
  12 endoplasms
  3 giant cockroaches
  5 goblins
  5 hobgoblins
  3 quokkas
  2 frilled lizards
  7 kobolds
  7 rats
82 creatures vanquished.

Notes
Turn   | Place    | Note
-------+----------+-------------------------------------------
     0 | D:1      | randomguy2701 the Gnoll Wanderer began the quest for the
                  | Orb.
     0 | D:1      | randomguy2701 set off with the following items: a +0 short
                  | sword, a +0 buckler, a scroll of fog, a +0 robe; and the
                  | following spell memorised: Sting; and the following spells
                  | available to memorise: Ignite Poison, Petrify.
     0 | D:1      | Reached XP level 1. HP: 13/13 MP: 4/4
   199 | D:1      | Reached XP level 2. HP: 17/19 MP: 0/5
   561 | D:1      | Found Hotteppu's Weapon Shop.
   667 | D:1      | Reached XP level 3. HP: 19/25 MP: 4/7
  1207 | D:2      | Reached skill level 1 in Invocations
  1505 | D:2      | Reached skill level 1 in Fighting
  1505 | D:2      | Reached skill level 1 in Long Blades
  1505 | D:2      | Reached skill level 1 in Axes
  1505 | D:2      | Reached skill level 1 in Maces & Flails
  1505 | D:2      | Reached skill level 1 in Polearms
  1505 | D:2      | Reached skill level 1 in Staves
  1505 | D:2      | Reached skill level 1 in Ranged Weapons
  1505 | D:2      | Reached skill level 1 in Armour
  1505 | D:2      | Reached skill level 1 in Stealth
  1505 | D:2      | Reached skill level 1 in Unarmed Combat
  1845 | D:2      | Reached XP level 4. HP: 32/32 MP: 5/8
  1917 | D:2      | Reached skill level 1 in Shapeshifting
  2396 | D:3      | Reached skill level 1 in Conjurations
  2396 | D:3      | Reached skill level 1 in Hexes
  2396 | D:3      | Reached skill level 1 in Summonings
  2396 | D:3      | Reached skill level 1 in Necromancy
  2396 | D:3      | Reached skill level 1 in Translocations
  2396 | D:3      | Reached skill level 1 in Fire Magic
  2396 | D:3      | Reached skill level 1 in Ice Magic
  2396 | D:3      | Reached skill level 1 in Air Magic
  2396 | D:3      | Reached skill level 1 in Earth Magic
  2396 | D:3      | Reached skill level 1 in Poison Magic
  2745 | D:3      | Found a glowing drain.
  3142 | D:4      | Noticed a black bear
  3245 | D:4      | Reached XP level 5. HP: 37/37 MP: 7/9
  3279 | D:4      | Found an iron altar of Okawaru.
  3513 | D:4      | Found a shadowy altar of Dithmenos.
  3591 | D:4      | Noticed Blork the orc
  3601 | D:4      | Killed Blork the orc
  3602 | D:4      | Reached XP level 6. HP: 26/44 MP: 2/11
  3678 | D:4      | Identified the ring "Moirphy" {rPois rF- rN+ AC+4 Str+4}
  3823 | D:4      | Killed a black bear
  4548 | D:4      | Noticed Menkaure
  4561 | D:4      | Slain by Menkaure

Illustrated notes

Levels and vault maps discovered:
D:1:      tarquinn_simple_flora_water_e, layout_basic, serial_shops, shop,
          serial_curves, eino_curves_02, eino_curves_04
D:2:      layout_rooms, minmay_tripent
D:3:      layout_basic, lightli_sewer_entry_pipes
D:4:      layout_loops_cross, mainiacjoe_overflow_concentric_impassable,
          nicolae_dithmenos_through_a_glass_darkly, uniq_menkaure,
          uniq_blork_the_orc

Skill      XL: |  1  2  3  4  5  6 |
---------------+-------------------+-----
Invocations    | 1 2 |  2.4
Fighting       | 1 2 |  2.2
Long Blades    | 1 2 |  2.2
Axes           | 1 2 |  2.2
Maces & Flails | 1 2 |  2.2
Polearms       | 1 2 |  2.2
Staves         | 1 2 |  2.2
Ranged Weapons | 1 2 |  2.2
Armour         | 1 2 |  2.2
Stealth        | 1 2 |  2.2
Unarmed Combat | 1 2 |  2.2
Shapeshifting  | 1 2 |  2.0
Spellcasting   | 3 |  3.6
Conjurations   | 1 |  1.8
Hexes          | 1 |  1.8
Summonings     | 1 |  1.8
Necromancy     | 1 |  1.8
Translocations | 1 |  1.8
Fire Magic     | 1 |  1.8
Ice Magic      | 1 |  1.8
Air Magic      | 1 |  1.8
Earth Magic    | 1 |  1.8
Poison Magic   | 1 |  1.8
Short Blades   | 3 |  3.4
Throwing       | 3 |  3.4
Dodging        | 3 |  3.4
Evocations     | 3 |  3.4
Transmutations | 4 |  4.2
Shields        | |  6.9

Action                     |  1- 3 |  4- 6 || total
---------------------------+-------+-------++-------
  Melee: Short sword       |    52 |    59 ||   111
         Bite              |     4 |     9 ||    13
   Cast: Sting             |    88 |   109 ||   197
   Stab: Sleeping          |       |     1 ||     1
 Armour: Robe              |    39 |    85 ||   124
  Dodge: Dodged            |    58 |    81 ||   139
  Block: Buckler           |    21 |    40 ||    61

Table legend: (Time is in decaauts)
 A = Elapsed time spent in this place.
 B = Non-inter-level travel time spent in this place.
 C = Inter-level travel time spent in this place.
 D = Time resting spent in this place.
 E = Time spent auto-exploring this place.
 F = Levels seen in this place.
 G = Mean time per level.
                   A        B        C        D        E       F      G
               +--------+--------+--------+--------+--------+-----+--------+
         Total |   4608 |   4384 |    224 |      0 |   3650 |   4 | 1152.0 |
       Dungeon |   4608 |   4384 |    224 |      0 |   3650 |   4 | 1152.0 |
               +--------+--------+--------+--------+--------+-----+--------+

Top non-repeatable levels by time:
     D:3: 1517 daAuts
     D:1: 1180 daAuts
     D:4: 1052 daAuts
     D:2: 857 daAuts
